 Dungeon Crawl Stone Soup version 0.31-a0-198-g2ad674f65e (webtiles) character file.

Game seed: 8331111786606571852

5471 qw the Skirmisher (level 10, -6/60 HPs)
             Began as a Deep Elf Hunter on June 25, 2023.
             Was a Believer of Okawaru.
             Mangled by Harold
             ... wielding a +0 halberd
              (9 damage)
             ... on level 10 of the Dungeon.
             The game lasted 00:03:28 (7120 turns).

qw the Skirmisher (Deep Elf Hunter)                 Turns: 7120, Time: 00:03:28

Health: -6/60      AC: 12    Str: 12    XL:     10   Next: 42%
Magic:  14/15      EV: 24    Int: 15    God:    Okawaru [**....]
Gold:   137        SH:  0    Dex: 21    Spells: 9/9 levels left

rFire   + . .        o - +1 shortbow (heavy)
rCold   + + +        (shield currently unavailable)
rNeg    . . .        j - +2 robe {rC+ rF+}
rPois   +            i - +2 hat
rElec   +            a - +0 cloak "Lamij" {Contam rElec rPois rC+++}
rCorr   .            h - +1 pair of gloves
SInv    .            u - +1 pair of boots
Will    ++...        e - amulet of regeneration
Stlth   ++++         q - ring "Cuegisonk" {Fly Dex+3}
HPRegen 1.10/turn    w - ring of willpower
MPRegen 0.14/turn

%: no passive effects
@: about to teleport, heroic, marked, flying
A: no striking features
a: Renounce Religion, Heroism


You were on level 10 of the Dungeon.
You worshipped Okawaru.
Okawaru was pleased with you.
You visited 1 branch of the dungeon, and saw 10 of its levels.

You collected 575 gold pieces.
You spent 438 gold pieces at shops.


   Skills:
 - Level 6.1(11.1) Fighting
 - Level 14.0(19.0) Ranged Weapons
 - Level 1.1(6.1) Armour
 + Level 10.4(15.4) Dodging
 - Level 1.2(6.2) Stealth
 - Level 4.1 Invocations


You had 9 spell levels left.
You didn't know any spells.
Your spell library was empty.

Inventory:

Hand Weapons
 o - a +1 heavy shortbow (weapon)
Armour
 a - the +0 cloak "Lamij" (worn) {Contam rElec rPois rC+++}
   (You acquired it on level 2 of the Dungeon)

   rC:        It renders you almost immune to cold.
   rElec:     It insulates you from electricity.
   rPois:     It protects you from poison.
   Contam:    It causes magical contamination when unequipped.
 g - a +0 ring mail
 h - a +1 pair of gloves (worn)
 i - a +2 hat (worn)
 j - a +2 robe of resistance (worn)
 u - a +1 pair of boots (worn)
Jewellery
 e - an amulet of regeneration (around neck)
 f - a ring of protection from cold
 q - the ring "Cuegisonk" (left hand) {Fly Dex+3}
   (You found it on level 4 of the Dungeon)

   [ring of flight]

   Dex:       It affects your dexterity (+3).
   Fly:       It grants you flight.
 r - a ring of fire
 w - a ring of willpower (right hand)
Scrolls
 m - a scroll of identify
Potions
 b - 2 potions of resistance
 d - a potion of might
 k - 2 potions of magic
 l - 3 potions of heal wounds
 n - 4 potions of curing
 s - a potion of mutation
 v - a potion of haste
 z - a potion of cancellation {unknown}

Dungeon Overview and Level Annotations

Branches:
Dungeon (10/15)            Temple (0/1) D:7
   Lair: D:8-11         Orc: D:9-12

Altars:
Ashenzari
Cheibriados
Fedhas
Gozag
Kikubaaqudgha
Okawaru
Sif Muna
Trog
Wu Jian
Xom
Zin

Shops:
D:4 :   D:6 *   D:8 ?

Annotations:
D:10 Harold


Message History

You start waiting.
A yak is nearby!
You shoot an arrow. The arrow hits the yak.
The yak is lightly wounded.
You shoot an arrow. The arrow barely misses the yak.
The yak completely misses you.
7111 ||| INVOKING Heroism.
You gain the combat prowess of a mighty hero.
Harold misses you. The yak misses you.
You shoot an arrow. The arrow hits the yak!
The yak is moderately wounded.
Harold hits you from afar with a +0 halberd!
The yak completely misses you.
You shoot an arrow. The arrow closely misses the yak.
Harold closely misses you. The yak gores you but does no damage.
You shoot an arrow. The arrow hits the yak!!
You kill the yak!
Okawaru accepts your kill. Harold misses you.
You shoot an arrow. The arrow hits Harold!
Harold is severely wounded.
Harold hits you from afar with a +0 halberd!!
You shoot an arrow. The arrow hits Harold.
Harold is severely wounded.
Harold closely misses you.
You shoot an arrow. The arrow hits Harold!
Harold is almost dead.
Harold hits you from afar with a +0 halberd.
You shoot an arrow. The arrow hits Harold!
Harold is almost dead.
Harold hits you from afar with a +0 halberd.
You shoot an arrow. The arrow hits the yak!
The yak is heavily wounded.
Harold hits you from afar with a +0 halberd!!
The yak completely misses you.
7120 ||| READING scroll of teleportation.
As you read the scroll of teleportation, it crumbles to dust.
You feel strangely unstable.
Harold hits you from afar with a +0 halberd!
You die...

#########
#@.......
#Y######.
#.@ #...
#####


You could see Harold and a yak.

Vanquished Creatures
  2 hornets
  Sigmund (D:3)
  A wyvern (D:9)
  2 yaks (D:10)
  A steam dragon (D:9)
  3 water moccasins
  3 orc warriors (D:9)
  5 ice beasts
  A black bear (D:5)
  3 sky beasts
  2 centaurs
  4 ogres
  2 phantoms
  2 kobold brigands
  4 bullfrogs
  A gnoll sergeant (D:9)
  A scorpion (D:5)
  8 wights
  5 killer bees (D:9)
  6 gnoll boudas
  2 hounds
  3 jellies
  3 orc priests (D:8)
  A sleepcap (D:5)
  Ijyb (D:4)
  Jessica (D:2)
  6 iguanas
  4 orc wizards
  A centaur simulacrum (D:10)
  Robin (D:4)
  22 gnolls
  5 adders
  A shadow imp (D:8)
  2 white imps
  An ufetubus (D:7)
  2 worms
  14 dart slugs
  24 orcs
  9 endoplasms
  2 giant cockroaches
  10 goblins
  7 hobgoblins
  7 jackals
  3 quokkas
  3 ball pythons
  3 bats
  6 frilled lizards
  14 kobolds
  A rat (D:2)
216 creatures vanquished.

Notes
Turn   | Place    | Note
-------+----------+-------------------------------------------
     0 | D:1      | qw the Deep Elf Hunter began the quest for the Orb.
     0 | D:1      | Reached XP level 1. HP: 12/12 MP: 3/3
     0 | D:1      | 0 ||| qw: Version: 0.3-a-22-g0ed2b0b
     0 | D:1      | 0 ||| qw: Game counter: 5372
     0 | D:1      | 0 ||| qw: Melee chars always use a shield: true
     0 | D:1      | 0 ||| qw: God list: Okawaru
     0 | D:1      | 0 ||| qw: Allow faded altars: false
     0 | D:1      | 0 ||| qw: Do Orc after clearing Dungeon:15 true
     0 | D:1      | 0 ||| qw: Do second Lair branch before Depths: true
     0 | D:1      | 0 ||| qw: Lair rune preference: random
     0 | D:1      | 0 ||| qw: Goals: Normal
     0 | D:1      | 0 ||| PLANNING D:1-11
   194 | D:1      | Reached skill level 6 in Ranged Weapons
   194 | D:1      | Reached XP level 2. HP: 16/16 MP: 4/4
   501 | D:1      | 501 ||| UPGRADING to +0 pair of gloves.
   524 | D:1      | Found a faded altar of an unknown god.
   546 | D:1      | 546 ||| UPGRADING to +2 hat.
   554 | D:1      | 554 ||| DROPPING ring of magical power.
   555 | D:1      | 555 ||| UPGRADING to ring of protection from cold.
   556 | D:1      | 556 ||| READING 3 scrolls labelled LATREV WUIGUO.
   557 | D:1      | 557 ||| READING 3 scrolls labelled GUYHITWECUDI.
   558 | D:1      | 558 ||| DROPPING 2 scrolls of revelation.
   559 | D:1      | 559 ||| DROPPING scroll of butterflies.
   560 | D:1      | 560 ||| DROPPING 2 scrolls of fear.
   662 | D:2      | Noticed Jessica
   668 | D:2      | Killed Jessica
   669 | D:2      | Reached skill level 7 in Ranged Weapons
   669 | D:2      | Reached XP level 3. HP: 20/20 MP: 5/5
  1192 | D:2      | Reached XP level 4. HP: 25/25 MP: 6/6
  1570 | D:2      | 1570 ||| UPGRADING to +0 ring mail.
  1580 | D:2      | 1580 ||| DROPPING +0 leather armour.
  1581 | D:2      | 1581 ||| UPGRADING to +2 robe of resistance.
  1591 | D:2      | 1591 ||| UPGRADING to amulet of regeneration.
  1596 | D:2      | 1596 ||| READING scroll labelled JIPRUU AXOLI.
  1596 | D:2      | Identified a scroll of acquirement
  1596 | D:2      | 1596 ||| ACQUIRING +0 cloak "Lamij" {Contam rElec rPois
                  | rC+++}
  1596 | D:2      | Acquired the +0 cloak "Lamij" {Contam rElec rPois rC+++}
  1598 | D:2      | 1598 ||| UPGRADING to +0 cloak "Lamij" {Contam rElec rPois
                  | rC+++}.
  1603 | D:2      | 1603 ||| REMOVING ring of protection from cold.
  1604 | D:2      | 1604 ||| READING scroll labelled ZURYIS ZOUCU.
  1605 | D:2      | 1605 ||| READING scroll labelled UHINUS ZYNUKH.
  1606 | D:2      | 1606 ||| READING scroll labelled XIUHAST IVVOGO.
  1607 | D:2      | 1607 ||| READING scroll labelled YTWOTS XIBAOTE.
  1881 | D:3      | Reached skill level 8 in Ranged Weapons
  1886 | D:3      | Noticed Sigmund
  1891 | D:3      | Killed Sigmund
  1892 | D:3      | Reached XP level 5. HP: 29/29 MP: 7/7
  1892 | D:3      | Reached XP level 6. HP: 34/34 MP: 8/8
  2174 | D:3      | Found a hazy altar of Hepliaklqana.
  2177 | D:3      | Found a shimmering altar of Xom.
  2177 | D:3      | Found a shimmering blue altar of Sif Muna.
  2179 | D:3      | Found a shimmering blue altar of Sif Muna.
  2179 | D:3      | Found a glowing silver altar of Zin.
  2179 | D:3      | Found an opulent altar of Gozag.
  2331 | D:3      | 2331 ||| Stepping randomly (stuck).
  2369 | D:4      | Noticed Ijyb
  2373 | D:4      | Paralysed by Ijyb for 2 turns
  2376 | D:4      | Noticed Robin
  2380 | D:4      | Killed Ijyb
  2384 | D:4      | Killed Robin
  2575 | D:4      | Reached skill level 9 in Ranged Weapons
  2584 | D:4      | Found an ancient bone altar of Kikubaaqudgha.
  2584 | D:4      | Found an iron altar of Okawaru.
  2585 | D:4      | 2585 ||| PLANNING OKAWARU WORSHIP
  2588 | D:4      | Found a shimmering blue altar of Sif Muna.
  2589 | D:4      | Found a snail-covered altar of Cheibriados.
  2589 | D:4      | Found a blossoming altar of Fedhas.
  2589 | D:4      | Found a broken altar of Ashenzari.
  2590 | D:4      | Found an ornate altar of the Wu Jian Council.
  2598 | D:4      | Became a worshipper of Warmaster Okawaru
  2599 | D:4      | 2599 ||| PLANNING D:1-11
  2646 | D:4      | Identified the ring "Cuegisonk" {Fly Dex+3}
  2687 | D:4      | Found Orryruf's Book Shoppe.
  2869 | D:4      | Reached XP level 7. HP: 31/40 MP: 9/9
  3224 | D:4      | 3224 ||| UPGRADING to ring "Cuegisonk" {Fly Dex+3}.
  3225 | D:4      | 3225 ||| READING scroll labelled OVOULYSTOED.
  3226 | D:4      | 3226 ||| READING scroll labelled RAOR COCELYGH.
  3234 | D:5      | Entered Level 5 of the Dungeon
  3268 | D:5      | Reached skill level 10 in Ranged Weapons
  3572 | D:5      | You are sucked into a shaft and drop 2 floors!
  3573 | D:7      | 3573 ||| DROPPING ring of ice.
  3574 | D:7      | 3574 ||| UPGRADING to ring of fire.
  3575 | D:7      | 3575 ||| READING 2 scrolls of identify.
  3575 | D:7      | 3575 ||| IDENTIFYING metallic brown potion
  3581 | D:6      | 3581 ||| FLEEEEING.
  3582 | D:6      | 3582 ||| FLEEEEING.
  3587 | D:6      | 3587 ||| STAIRDANCE
  3647 | D:5      | Reached * piety under Okawaru
  3648 | D:5      | Reached skill level 11 in Ranged Weapons
  3699 | D:5      | Reached skill level 1 in Invocations
  3702 | D:5      | 3702 ||| INVOKING Heroism.
  3743 | D:5      | Reached XP level 8. HP: 42/45 MP: 10/10
  3871 | D:5      | 3871 ||| INVOKING Heroism.
  4227 | D:5      | 4227 ||| READING 2 scrolls labelled WOIXUPH DAFUE.
  4228 | D:5      | 4228 ||| READING scroll labelled ZONNID OPLIYLO.
  4229 | D:5      | 4229 ||| READING 5 scrolls of identify.
  4229 | D:5      | 4229 ||| IDENTIFYING fuming brown potion
  4230 | D:5      | 4230 ||| READING 4 scrolls of identify.
  4230 | D:5      | 4230 ||| IDENTIFYING fuming white potion
  4231 | D:5      | 4231 ||| READING 3 scrolls of identify.
  4231 | D:5      | 4231 ||| IDENTIFYING clear potion
  4232 | D:5      | 4232 ||| READING 2 scrolls of identify.
  4232 | D:5      | 4232 ||| IDENTIFYING yellow potion
  4233 | D:5      | 4233 ||| DROPPING potion of attraction.
  4234 | D:5      | 4234 ||| DROPPING scroll of immolation.
  4285 | D:6      | 4285 ||| READING scroll of enchant weapon.
  4285 | D:6      | 4285 ||| ENCHANTING +0 heavy shortbow.
  4321 | D:6      | Reached skill level 3 in Invocations
  4333 | D:6      | 4333 ||| INVOKING Heroism.
  4335 | D:6      | Reached skill level 12 in Ranged Weapons
  4415 | D:6      | 4415 ||| Stepping ~*~*~tactically~*~*~ (outnumbered).
  4428 | D:6      | Reached skill level 3 in Fighting
  4430 | D:6      | 4430 ||| FLEEEEING.
  4431 | D:6      | 4431 ||| FLEEEEING.
  4432 | D:6      | 4432 ||| FLEEEEING.
  4433 | D:6      | 4433 ||| FLEEEEING.
  4434 | D:6      | 4434 ||| FLEEEEING.
  4435 | D:6      | 4435 ||| FLEEEEING.
  4436 | D:6      | 4436 ||| FLEEEEING.
  4437 | D:6      | 4437 ||| FLEEEEING.
  4570 | D:6      | Found an opulent altar of Gozag.
  4594 | D:6      | Found Loygor's General Store.
  4601 | D:6      | 4601 ||| BUYING potion of curing (33 gold).
  4601 | D:6      | Bought a potion of curing for 33 gold pieces
  4601 | D:6      | 4601 ||| BUYING potion of haste (110 gold).
  4601 | D:6      | Bought a potion of haste for 110 gold pieces
  4601 | D:6      | 4601 ||| BUYING potion of heal wounds (55 gold).
  4601 | D:6      | Bought a potion of heal wounds for 55 gold pieces
  4909 | D:6      | 4909 ||| UPGRADING to +1 pair of boots.
  4914 | D:6      | 4914 ||| UPGRADING to ring of willpower.
  4916 | D:6      | 4916 ||| READING 2 scrolls labelled VUSTARESIFE.
  4917 | D:6      | 4917 ||| DROPPING scroll of amnesia.
  4972 | D:7      | Reached skill level 13 in Ranged Weapons
  4980 | D:7      | Reached ** piety under Okawaru
  5034 | D:7      | Reached skill level 6 in Dodging
  5060 | D:7      | Found a staircase to the Ecumenical Temple.
  5063 | D:7      | Reached skill level 1 in Armour
  5063 | D:7      | Reached XP level 9. HP: 47/50 MP: 14/14
  5145 | D:7      | Reached skill level 14 in Ranged Weapons
  5485 | D:7      | 5485 ||| READING 2 scrolls of identify.
  5485 | D:7      | 5485 ||| IDENTIFYING golden potion
  5486 | D:7      | 5486 ||| DROPPING potion of degeneration.
  5502 | D:8      | 5502 ||| INVOKING Heroism.
  5556 | D:8      | 5556 ||| FLEEEEING.
  5557 | D:8      | 5557 ||| FLEEEEING.
  5558 | D:8      | 5558 ||| FLEEEEING.
  5559 | D:8      | 5559 ||| FLEEEEING.
  5564 | D:8      | 5564 ||| INVOKING Heroism.
  5574 | D:8      | Identified the +1 chain mail of Hospitality {Will- rCorr
                  | Dex+7}
  5585 | D:8      | Reached *** piety under Okawaru
  5638 | D:8      | Found Fown's Magic Scroll Boutique.
  5646 | D:8      | 5646 ||| BUYING 3 scrolls of identify (78 gold).
  5646 | D:8      | Bought 3 scrolls of identify for 78 gold pieces
  5646 | D:8      | 5646 ||| SHOPLISTING scroll of acquirement (676 gold, have
                  | 231).
  5646 | D:8      | 5646 ||| BUYING scroll of enchant armour (97 gold).
  5646 | D:8      | Bought a scroll of enchant armour for 97 gold pieces
  5646 | D:8      | 5646 ||| BUYING scroll of identify (26 gold).
  5646 | D:8      | Bought a scroll of identify for 26 gold pieces
  5646 | D:8      | 5646 ||| BUYING scroll of teleportation (39 gold).
  5646 | D:8      | Bought a scroll of teleportation for 39 gold pieces
  5646 | D:8      | 5646 ||| READING scroll of enchant armour.
  5646 | D:8      | 5646 ||| ENCHANTING +0 pair of gloves.
  5888 | D:8      | Found a bloodstained altar of Trog.
  5952 | D:8      | 5952 ||| READING scroll labelled JOMITH PUIJYU.
  5953 | D:8      | 5953 ||| READING scroll labelled FEPUIR ZEOTEVA.
  5976 | D:8      | 5976 ||| READING 5 scrolls of identify.
  5976 | D:8      | 5976 ||| IDENTIFYING red potion
  5977 | D:8      | 5977 ||| READING 4 scrolls of identify.
  5977 | D:8      | 5977 ||| IDENTIFYING bubbling orange potion
  5978 | D:8      | 5978 ||| READING 3 scrolls of identify.
  5978 | D:8      | 5978 ||| IDENTIFYING metallic amethyst potion
  5979 | D:8      | 5979 ||| READING 2 scrolls of identify.
  5979 | D:8      | 5979 ||| IDENTIFYING amethyst potion
  5980 | D:8      | 5980 ||| DROPPING potion of invisibility.
  5981 | D:8      | 5981 ||| DROPPING potion of brilliance.
  5982 | D:8      | 5982 ||| DROPPING potion of lignification.
  6016 | D:9      | Found a flagged portal.
  6054 | D:9      | 6054 ||| Stepping ~*~*~tactically~*~*~ (outnumbered).
  6072 | D:9      | 6072 ||| INVOKING Heroism.
  6163 | D:9      | Identified the +9 short sword of Ashenzari's Anger {speed,
                  | rPois MP+9}
  6197 | D:9      | 6197 ||| INVOKING Heroism.
  6204 | D:9      | Reached skill level 9 in Dodging
  6231 | D:9      | 6231 ||| INVOKING Heroism.
  6250 | D:9      | 6250 ||| INVOKING Heroism.
  6251 | D:9      | 6251 ||| Stepping ~*~*~tactically~*~*~ (outnumbered).
  6265 | D:9      | 6265 ||| Stepping ~*~*~tactically~*~*~ (outnumbered).
  6267 | D:9      | 6267 ||| Stepping ~*~*~tactically~*~*~ (outnumbered).
  6269 | D:9      | 6269 ||| Stepping ~*~*~tactically~*~*~ (outnumbered).
  6271 | D:9      | 6271 ||| Stepping ~*~*~tactically~*~*~ (outnumbered).
  6274 | D:9      | 6274 ||| INVOKING Heroism.
  6278 | D:9      | 6278 ||| Stepping ~*~*~tactically~*~*~ (outnumbered).
  6281 | D:9      | Reached XP level 10. HP: 50/58 MP: 13/15
  6313 | D:9      | Identified the +9 long sword of the Little People {vamp,
                  | rF+ Int+3}
  6320 | D:9      | 6320 ||| INVOKING Heroism.
  6390 | D:9      | 6390 ||| Stepping ~*~*~tactically~*~*~ (outnumbered).
  6391 | D:9      | 6391 ||| INVOKING Heroism.
  6415 | D:9      | 6415 ||| INVOKING Heroism.
  6840 | D:9      | 6840 ||| INVOKING Heroism.
  7049 | D:10     | Entered Level 10 of the Dungeon
  7055 | D:10     | Noticed Harold
  7056 | D:10     | 7056 ||| INVOKING Heroism.
  7075 | D:10     | Reached skill level 6 in Fighting
  7077 | D:10     | HP: 9/60 [yak (8)]
  7078 | D:10     | 7078 ||| READING 2 scrolls of teleportation.
  7079 | D:10     | 7079 ||| DRINKING 4 potions of heal wounds.
  7111 | D:10     | 7111 ||| INVOKING Heroism.
  7119 | D:10     | HP: 2/60 [Harold/+0 halberd (23)]
  7120 | D:10     | 7120 ||| READING scroll of teleportation.
  7120 | D:10     | Mangled by Harold

Levels and vault maps discovered:
D:1:      lightli_arrival_lavapool, layout_loops_ring,
          shapermc_ecumenical_altar_notcrosses
D:2:      minmay_chambers_of_ones, layout_basic, nicolae_hexahallways,
          minmay_misc_feat_nine_boxes, uniq_jessica
D:3:      layout_loops_ring, doesnt_xom_only_xom, uniq_sigmund
D:4:      kennysheep_slugbush, layout_loops_corners, grunt_temple_overflow_open,
          serial_shops, shop, st_stairs_3, nicolae_goblin_pals
D:5:      layout_basic, minmay_crystal_water
D:6:      layout_cave_pods, mainiacjoe_overflow_boulevard, serial_shops,
          nicolae_shop_tiny_statue_garden
D:7:      layout_rooms, minmay_temple_entry_hall, serial_glass, glass_columns_b,
          glass_columns_b, minmay_strange_pillars, minmay_strange_pillars,
          minmay_strange_pillars, due_unseen_surprise
D:8:      layout_rooms, mainiacjoe_overflow_concentric_impassable, serial_shops,
          nicolae_shop_temple_entry_statues_fountains
D:9:      kennysheep_seaside_town, layout_small_grid, enter_bailey_3
D:10:     layout_basic, nicolae_overflow_crystal_walls, serial_ice,
          serial_ice_c, serial_ice_a, serial_ice_e, serial_ice_m, serial_ice_b,
          serial_shops, nicolae_shop_stone, uniq_harold

Skill      XL: |  1  2  3  4  5  6  7  8  9 10 |
---------------+-------------------------------+-----
Ranged Weapons | 6 7 8 9 11 13 14 | 14.0
Dodging        | 5 6 9 10 | 10.4
Fighting       | 2 3 4 6 |  6.1
Invocations    | 1 4 |  4.1
Armour         | 1 |  1.1
Stealth        | |  1.2

Action                     |  1- 3 |  4- 6 |  7- 9 | 10-12 || total
---------------------------+-------+-------+-------+-------++-------
   Fire: Shortbow          |    63 |   139 |   291 |   135 ||   628
 Invoke: Heroism           |       |       |    10 |     6 ||    16
    Use: Scroll            |     2 |     5 |    19 |     2 ||    28
         Potion            |       |       |       |     1 ||     1
 Armour: Leather armour    |     9 |       |       |       ||     9
         Robe              |       |    25 |    44 |     7 ||    76
  Dodge: Dodged            |     9 |    53 |   124 |    65 ||   251

Table legend:
 A = Non-vault XP
 B = Vault XP
 C = Vault XP percentage of total XP
 D = Non-vault monster count
 E = Vault monster count
 F = Vault count percentage of total count
                 A         B        C        D         E       F
            +---------+---------+-------+---------+---------+-------
      Total |    6087 |    1730 |  22.1 |     161 |      55 |  25.5
            +---------+---------+-------+---------+---------+-------
        D:1 |      26 |       0 |   0.0 |      14 |       0 |   0.0
        D:2 |      38 |      56 |  59.6 |      14 |       6 |  30.0
        D:3 |      43 |     226 |  84.0 |      11 |       1 |   8.3
        D:4 |     217 |     290 |  57.2 |      28 |      19 |  40.4
        D:5 |     689 |       0 |   0.0 |      25 |       0 |   0.0
        D:6 |     860 |       0 |   0.0 |      13 |       0 |   0.0
        D:7 |    1263 |       0 |   0.0 |      13 |       0 |   0.0
        D:8 |     753 |       0 |   0.0 |      17 |       0 |   0.0
        D:9 |    1799 |    1122 |  38.4 |      24 |      27 |  52.9
       D:10 |     399 |      36 |   8.3 |       2 |       2 |  50.0
            +---------+---------+-------+---------+---------+-------
